APP
SAN DIEGO (APP) PADRES @ MISSOULA OSPREY
08/06/2049
 
TOP OF THE 1ST
San Diego (APP) Padres batting - Pitching for Missoula Osprey : LHP Elias Reyes
Pitching: LHP Elias Reyes
Batting: RHB Alex Collazo 0-0: Foul Ball, location: 2F
0-1: Ball
1-1: Called Strike
1-2: Fly out, F7 (Line Drive, 78M, EV 101.9 MPH)
Batting: RHB Adrian Cook 0-0: Ball
1-0: Called Strike
1-1: Ground out 4-3 (Groundball, 4, EV 87.5 MPH)
Batting: RHB Brian Klinkner 0-0: Swinging Strike
0-1: Swinging Strike
0-2: Ball
1-2: Foul Ball, location: 2F
1-2: Ball
2-2: Foul Ball, location: 2F
2-2: Ball
3-2: Strikes out looking
Top of the 1st over - 0 runs, 0 hits, 0 errors, 0 left on base; San Diego (APP) 0 - Missoula 0
BOTTOM OF THE 1ST
Missoula Osprey batting - Pitching for San Diego (APP) Padres : RHP Russell MacKay
Pitching: RHP Russell MacKay
Batting: RHB Isaiah Hampton 0-0: Ball
1-0: Fly out, F7 (Flyball, 7D, EV 83.1 MPH)
Batting: LHB Danny Salas 0-0: Called Strike
0-1: Called Strike
0-2: Ball
1-2: Ball
2-2: Foul Ball, location: 2F
2-2: Ball
3-2: Strikes out swinging, 2-3 out at first.
Batting: RHB Claude Leduc 0-0: Called Strike
0-1: Called Strike
0-2: Foul Ball, location: 2F
0-2: Fly out, F7 (Flyball, 78D, EV 103.1 MPH)
Bottom of the 1st over - 0 runs, 0 hits, 0 errors, 0 left on base; San Diego (APP) 0 - Missoula 0
TOP OF THE 2ND
San Diego (APP) Padres batting - Pitching for Missoula Osprey : LHP Elias Reyes
Batting: RHB Norinaga Yamakawakamatsu 0-0: Ball
1-0: Ball
2-0: SINGLE (Flyball, 56D, EV 94.4 MPH)
Batting: RHB Max Stillo 0-0: Foul Ball, location: 2F
0-1: Ball
1-1: Foul Ball, location: 2F
1-2: Ball
2-2: Fly out, F8 (Flyball, 78D, EV 83.8 MPH)
Batting: RHB Ed Oake 0-0: Foul Ball, location: 2F
0-1: Foul Ball, location: 2F
0-2: 2-RUN HOME RUN (Line Drive, 78XD, EV 105.6 MPH), Distance : 414 ft
Batting: RHB Gabriel Diaz 0-0: Ball
1-0: Ball
2-0: Foul Ball, location: 2F
2-1: Ground out 5-3 (Groundball, 56S, EV 61.9 MPH)
Batting: RHB Brian DeVoe 0-0: Ball
1-0: Foul Ball, location: 2F
1-1: Foul Ball, location: 2F
1-2: Strikes out swinging
Top of the 2nd over - 2 runs, 2 hits, 0 errors, 0 left on base; San Diego (APP) 2 - Missoula 0
BOTTOM OF THE 2ND
Missoula Osprey batting - Pitching for San Diego (APP) Padres : RHP Russell MacKay
Batting: LHB Angelo Lira 0-0: Called Strike
0-1: Ball
1-1: DOUBLE (Line Drive, 89M, EV 102.5 MPH)
Batting: LHB Jalen Williams 0-0: Ball
Wild Pitch!
Angelo Lira to third
1-0: Foul Ball, location: 2F
1-1: SINGLE (Groundball, 34D, EV 105.0 MPH)
Angelo Lira scores
Batting: RHB Shing Mah 0-0: Ball
1-0: Called Strike
1-1: Foul Ball, location: 2F
1-2: Strikes out swinging
Batting: RHB Zach Espinosa 0-0: Called Strike
0-1: Foul Ball, location: 2F
0-2: SINGLE (Flyball, 8LS, EV 95.6 MPH)
Jalen Williams to second
Batting: RHB Hector Tabares 0-0: Ball
1-0: Called Strike
1-1: Swinging Strike
1-2: Strikes out looking
Batting: LHB Adam Spence 0-0: Hit by Pitch
Jalen Williams to third
Zach Espinosa to second
Batting: RHB Isaiah Hampton 0-0: Called Strike
0-1: Foul Ball, location: 2F
0-2: Strikes out looking
Bottom of the 2nd over - 1 run, 3 hits, 0 errors, 3 left on base; San Diego (APP) 2 - Missoula 1
TOP OF THE 3RD
San Diego (APP) Padres batting - Pitching for Missoula Osprey : LHP Elias Reyes
Batting: RHB Rod Johnson 0-0: Ball
1-0: Ball
2-0: Ball
3-0: Base on Balls
Batting: RHB Alex Collazo 0-0: Foul Ball, location: 2F
0-1: Foul Ball, location: 2F
0-2: Ball
1-2: Ball
2-2: Ball
3-2: Base on Balls
Rod Johnson to second
Batting: RHB Adrian Cook 0-0: SINGLE (Line Drive, 7LM, EV 102.5 MPH)
Rod Johnson to third
Alex Collazo to second
Runner from 3rd tries for Home, SAFE, throw by LF to home
Batting: RHB Brian Klinkner 0-0: Grounds into double play, 6-4-3 (Groundball, 6, EV 101.2 MPH)
Alex Collazo to third
Batting: RHB Norinaga Yamakawakamatsu 0-0: Ball
1-0: Foul Ball, location: 2F
1-1: Ball
2-1: Fly out, F8 (Flyball, 8LM, EV 88.1 MPH)
Top of the 3rd over - 1 run, 1 hit, 0 errors, 1 left on base; San Diego (APP) 3 - Missoula 1
BOTTOM OF THE 3RD
Missoula Osprey batting - Pitching for San Diego (APP) Padres : RHP Russell MacKay
Batting: LHB Danny Salas 0-0: Swinging Strike
0-1: Foul Ball, location: 2F
0-2: Ball
1-2: Strikes out swinging
Batting: RHB Claude Leduc 0-0: Ball
1-0: Ball
2-0: Called Strike
2-1: Foul Ball, location: 2F
2-2: Ball
3-2: Base on Balls
Batting: LHB Angelo Lira 0-0: Ball
1-0: Ball
2-0: DOUBLE (Line Drive, 8LD, EV 101.9 MPH)
Claude Leduc to third
Runner from 3rd tries for Home, SAFE, no throw by CF
Batting: LHB Jalen Williams 0-0: Ball
1-0: Foul Ball, location: 2F
1-1: Ball
2-1: Ball
3-1: Foul Ball, location: 2F
3-2: SINGLE (Groundball, 56D, EV 99.4 MPH)
Angelo Lira to third
Batting: RHB Shing Mah 0-0: Ball
1-0: Called Strike
1-1: DOUBLE (Line Drive, 5D, EV 103.1 MPH)
Angelo Lira scores
Jalen Williams to third
Batting: RHB Zach Espinosa 0-0: Ball
1-0: Fly out, F7 (Flyball, 78M, EV 92.5 MPH)
Runner from 3rd tags up, SCORES, throw by LF
Shing Mah to third
Batting: RHB Hector Tabares 0-0: Hit by Pitch
Batting: LHB Adam Spence 0-0: Called Strike
0-1: Swinging Strike
0-2: Foul Ball, location: 2F
0-2: Strikes out swinging
Bottom of the 3rd over - 3 runs, 3 hits, 0 errors, 2 left on base; San Diego (APP) 3 - Missoula 4
TOP OF THE 4TH
San Diego (APP) Padres batting - Pitching for Missoula Osprey : LHP Elias Reyes
Batting: RHB Max Stillo 0-0: Called Strike
0-1: Swinging Strike
0-2: Foul Ball, location: 2F
0-2: Ball
1-2: Ball
2-2: Ball
3-2: Base on Balls
Batting: RHB Ed Oake 0-0: Ball
1-0: Fielders Choice at 2nd, 5-4 (Groundball, 56, EV 83.8 MPH)
Batting: RHB Gabriel Diaz 0-0: Ball
1-0: Swinging Strike
1-1: Foul Ball, location: 2F
1-2: Strikes out swinging
Batting: RHB Brian DeVoe 0-0: Ball
1-0: Ball
2-0: Foul Ball, location: 2F
2-1: Ball
3-1: Called Strike
3-2: Base on Balls
Ed Oake to second
Batting: RHB Rod Johnson 0-0: Ball
1-0: Called Strike
1-1: Fielders Choice at 2nd, 6-4 (Groundball, 6, EV 86.2 MPH)
Top of the 4th over - 0 runs, 0 hits, 0 errors, 2 left on base; San Diego (APP) 3 - Missoula 4
BOTTOM OF THE 4TH
Missoula Osprey batting - Pitching for San Diego (APP) Padres : RHP Russell MacKay
Batting: RHB Isaiah Hampton 0-0: Ball
1-0: Called Strike
1-1: Swinging Strike
1-2: Foul Ball, location: 2F
1-2: Strikes out swinging
Batting: LHB Danny Salas 0-0: Ball
1-0: Swinging Strike
1-1: Swinging Strike
1-2: Strikes out swinging
Batting: RHB Claude Leduc 0-0: Ball
1-0: Called Strike
1-1: Ball
2-1: Foul Ball, location: 2F
2-2: Ball
3-2: Foul Ball, location: 2F
3-2: Base on Balls
Batting: LHB Angelo Lira 0-0: Called Strike
0-1: Foul Ball, location: 2F
0-2: Ball
1-2: Strikes out looking
Bottom of the 4th over - 0 runs, 0 hits, 0 errors, 1 left on base; San Diego (APP) 3 - Missoula 4
TOP OF THE 5TH
San Diego (APP) Padres batting - Pitching for Missoula Osprey : LHP Elias Reyes
Batting: RHB Alex Collazo 0-0: Ball
1-0: Ground out 6-3 (Groundball, 6, EV 103.1 MPH)
Batting: RHB Adrian Cook 0-0: Swinging Strike
0-1: Ball
1-1: Ball
2-1: Swinging Strike
2-2: Strikes out looking
Batting: RHB Brian Klinkner 0-0: Called Strike
0-1: Ball
1-1: Foul Ball, location: 2F
1-2: Ball
2-2: Ball
3-2: Foul Ball, location: 2F
3-2: DOUBLE (Line Drive, 5D, EV 102.5 MPH)
Batting: RHB Norinaga Yamakawakamatsu 0-0: Called Strike
0-1: Ball
1-1: Foul Ball, location: 2F
1-2: Strikes out swinging
Top of the 5th over - 0 runs, 1 hit, 0 errors, 1 left on base; San Diego (APP) 3 - Missoula 4
BOTTOM OF THE 5TH
Missoula Osprey batting - Pitching for San Diego (APP) Padres : RHP Russell MacKay
Batting: LHB Jalen Williams 0-0: Ground out 6-3 (Groundball, 6M, EV 96.9 MPH)
Batting: RHB Shing Mah 0-0: Swinging Strike
0-1: Ball
1-1: Swinging Strike
1-2: Ball
2-2: Strikes out swinging
Batting: RHB Zach Espinosa 0-0: Called Strike
0-1: Ground out 4-3 (Groundball, 4MS, EV 63.1 MPH)
Bottom of the 5th over - 0 runs, 0 hits, 0 errors, 0 left on base; San Diego (APP) 3 - Missoula 4
TOP OF THE 6TH
San Diego (APP) Padres batting - Pitching for Missoula Osprey : LHP Elias Reyes
Batting: RHB Max Stillo 0-0: Ball
1-0: SOLO HOME RUN (Flyball, 7D, EV 101.9 MPH), Distance : 389 ft
Batting: RHB Ed Oake 0-0: Called Strike
0-1: Ground out 6-3 (Groundball, 6, EV 93.1 MPH)
Batting: RHB Gabriel Diaz 0-0: Called Strike
0-1: Ball
1-1: DOUBLE (Line Drive, 78M, EV 86.2 MPH)
Batting: RHB Brian DeVoe 0-0: Intentional Walk
Pitching: RHP Sergio Reyes
Batting: RHB Rod Johnson 0-0: Ball
1-0: Ball
2-0: Ball
3-0: Base on Balls
Gabriel Diaz to third
Brian DeVoe to second
Batting: RHB Alex Collazo 0-0: Called Strike
0-1: Swinging Strike
0-2: DOUBLE (Flyball, 78XD, EV 96.2 MPH)
Gabriel Diaz scores
Brian DeVoe scores
Rod Johnson to third
Runner from 3rd tries for Home, SAFE, throw by CF to trailing runner, SAFE at third!
Batting: RHB Adrian Cook 0-0: Called Strike
0-1: Reached on error, E3 (Groundball, 34S, EV 85.6 MPH)
Alex Collazo scores
Batting: RHB Brian Klinkner 0-0: Ball
Pickoff Throw to First - Out! 1-3 CS
1-0: Ball
2-0: Called Strike
2-1: Ball
3-1: Called Strike
3-2: Foul Ball, location: 2F
3-2: Ground out 4-3 (Groundball, 4M, EV 96.9 MPH)
Top of the 6th over - 5 runs, 3 hits, 1 error, 0 left on base; San Diego (APP) 8 - Missoula 4
BOTTOM OF THE 6TH
Missoula Osprey batting - Pitching for San Diego (APP) Padres : RHP Russell MacKay
Pitching: RHP Danny Valdovinos
Batting: RHB Hector Tabares 0-0: Called Strike
0-1: Ball
1-1: Ground out U3 (Groundball, 34, EV 83.1 MPH)
Batting: LHB Adam Spence 0-0: Ball
1-0: Ball
2-0: Ball
3-0: Base on Balls
Batting: RHB Isaiah Hampton 0-0: Ball
1-0: Ball
2-0: Fly out, F7 (Flyball, 78D, EV 99.4 MPH)
Batting: LHB Danny Salas 0-0: Called Strike
0-1: Foul Ball, location: 2F
0-2: Ball
1-2: Strikes out swinging
Bottom of the 6th over - 0 runs, 0 hits, 0 errors, 1 left on base; San Diego (APP) 8 - Missoula 4
TOP OF THE 7TH
San Diego (APP) Padres batting - Pitching for Missoula Osprey : RHP Sergio Reyes
Batting: RHB Norinaga Yamakawakamatsu 0-0: Called Strike
0-1: Ball
1-1: Foul Ball, location: 2F
1-2: Strikes out looking
Batting: RHB Max Stillo 0-0: Called Strike
0-1: Swinging Strike
0-2: Ground out U3 (Groundball, 34S, EV 66.9 MPH)
Batting: RHB Ed Oake 0-0: Ball
1-0: Swinging Strike
1-1: Ball
2-1: Ball
3-1: Called Strike
3-2: Foul Ball, location: 2F
3-2: Base on Balls
Batting: RHB Gabriel Diaz 0-0: Called Strike
0-1: Called Strike
0-2: Strikes out swinging
Top of the 7th over - 0 runs, 0 hits, 0 errors, 1 left on base; San Diego (APP) 8 - Missoula 4
BOTTOM OF THE 7TH
Missoula Osprey batting - Pitching for San Diego (APP) Padres : RHP Danny Valdovinos
Batting: RHB Claude Leduc 0-0: Ball
1-0: Ball
2-0: Called Strike
2-1: Swinging Strike
2-2: Ball
3-2: Base on Balls
Pitching: LHP Ricardo de la Torre
Batting: LHB Angelo Lira 0-0: Ball
1-0: Ball
2-0: Called Strike
2-1: Swinging Strike
2-2: Strikes out looking
Batting: LHB Jalen Williams 0-0: Foul Ball, location: 2F
0-1: Foul Ball, location: 2F
0-2: Foul Ball, location: 2F
0-2: Strikes out looking
Batting: RHB Shing Mah 0-0: Ball
Pickoff Throw to First - Out! 1-3
Bottom of the 7th over - 0 runs, 0 hits, 0 errors, 0 left on base; San Diego (APP) 8 - Missoula 4
TOP OF THE 8TH
San Diego (APP) Padres batting - Pitching for Missoula Osprey : RHP Sergio Reyes
Batting: RHB Brian DeVoe 0-0: Ball
1-0: Fly out, F8 (Line Drive, 8LD, EV 90.6 MPH)
Batting: RHB Rod Johnson 0-0: Ball
1-0: Foul Ball, location: 2F
1-1: Ball
2-1: Foul Ball, location: 2F
2-2: Strikes out swinging
Batting: RHB Alex Collazo 0-0: Ball
1-0: Foul Ball, location: 2F
1-1: Foul Ball, location: 2F
1-2: Ground out 5-3 (Groundball, 56, EV 82.5 MPH)
Top of the 8th over - 0 runs, 0 hits, 0 errors, 0 left on base; San Diego (APP) 8 - Missoula 4
BOTTOM OF THE 8TH
Missoula Osprey batting - Pitching for San Diego (APP) Padres : LHP Ricardo de la Torre
Batting: RHB Shing Mah 0-0: Called Strike
0-1: Ground out 5-3 (Groundball, 5S, EV 72.5 MPH)
Batting: RHB Zach Espinosa 0-0: Foul Ball, location: 2F
0-1: Ball
1-1: Ball
2-1: Swinging Strike
2-2: Foul Ball, location: 2F
2-2: Foul Ball, location: 2F
2-2: Foul Ball, location: 2F
2-2: Strikes out swinging
Pitching: RHP Tim Devine
Pinch Hitting: LHB Falco van Koeveringe 0-0: Called Strike
0-1: Ball
1-1: Ball
2-1: Called Strike
2-2: Ball
3-2: Base on Balls
Batting: LHB Adam Spence 0-0: Ball
1-0: Ball
2-0: Ball
3-0: Called Strike
3-1: Ground out 4-3 (Groundball, 34S, EV 86.2 MPH)
Bottom of the 8th over - 0 runs, 0 hits, 0 errors, 1 left on base; San Diego (APP) 8 - Missoula 4
TOP OF THE 9TH
San Diego (APP) Padres batting - Pitching for Missoula Osprey : RHP Sergio Reyes
Pitching: RHP D.J. Bryant
Now at 3B: Carlos Gonzalez
Batting: RHB Adrian Cook 0-0: Called Strike
0-1: Ball
1-1: Ball
2-1: Foul Ball, location: 2F
2-2: Ground out 5-3 (Groundball, 56S, EV 83.8 MPH)
Batting: RHB Brian Klinkner 0-0: Foul Ball, location: 2F
0-1: Ground out 6-3 (Groundball, 56, EV 95.6 MPH)
Batting: RHB Norinaga Yamakawakamatsu 0-0: Ball
1-0: Swinging Strike
1-1: Ball
2-1: Ball
3-1: Fly out, F6 (Popup, 6MS, EV 74.4 MPH)
Top of the 9th over - 0 runs, 0 hits, 0 errors, 0 left on base; San Diego (APP) 8 - Missoula 4
BOTTOM OF THE 9TH
Missoula Osprey batting - Pitching for San Diego (APP) Padres : RHP Tim Devine
Batting: RHB Isaiah Hampton 0-0: Ground out 6-3 (Groundball, 6, EV 83.8 MPH)
Batting: LHB Danny Salas 0-0: Ball
1-0: Called Strike
1-1: Ball
2-1: Ball
3-1: Base on Balls
Batting: RHB Claude Leduc 0-0: Ball
1-0: Called Strike
1-1: Ball
2-1: Hit by Pitch
Danny Salas to second
Batting: LHB Angelo Lira 0-0: DOUBLE (Line Drive, 89M, EV 105.0 MPH)
Danny Salas scores
Claude Leduc to third
Batting: LHB Jalen Williams 0-0: Called Strike
0-1: Ball
1-1: Ball
2-1: Ball
3-1: Foul Ball, location: 2F
3-2: Ground out 4-3 (Groundball, 4, EV 94.4 MPH)
Claude Leduc scores
Angelo Lira to third
Pinch Hitting: LHB Nelson Pelico 0-0: Ball
1-0: Foul Ball, location: 2F
1-1: Ball
2-1: Ball
3-1: Base on Balls
Batting: RHB Zach Espinosa 0-0: Ball
Wild Pitch!
Angelo Lira scores
Nelson Pelico to second
1-0: Foul Ball, location: 2F
1-1: Ball
2-1: SINGLE (Groundball, 56D, EV 96.9 MPH)
Nelson Pelico to third
Runner from 3rd tries for Home, SAFE, throw by LF to home
Pitching: LHP Cory Watson
Pinch Hitting: RHB Jose Cuellar 0-0: Ball
1-0: Ground out U3 (Groundball, 23, EV 76.9 MPH)
Bottom of the 9th over - 4 runs, 2 hits, 0 errors, 1 left on base; San Diego (APP) 8 - Missoula 8
TOP OF THE 10TH
San Diego (APP) Padres batting - Pitching for Missoula Osprey : RHP D.J. Bryant
Pitching: LHP Bobby Manning
Now at 1B: Jose Cuellar
Now at 3B: Nelson Pelico
Batting: RHB Max Stillo 0-0: Called Strike
0-1: Ball
1-1: Fly out, F8 (Line Drive, 8LM, EV 86.2 MPH)
Batting: RHB Ed Oake 0-0: Ball
1-0: SINGLE (Groundball, 6D, EV 103.1 MPH)
Pinch Hitting: RHB Eric McMillian 0-0: Swinging Strike
0-1: Fly out, F7 (Flyball, 7, EV 90.0 MPH)
Batting: RHB Brian DeVoe 0-0: Ball
1-0: Foul Ball, location: 2F
1-1: SINGLE (Groundball, 25, EV 70.0 MPH) (infield hit)
Ed Oake to second
Pinch Runner at 2nd Antonio Martinez:
Pinch Hitting: RHB Phil McFadden 0-0: Foul Ball, location: 2F
0-1: Called Strike
0-2: Ball
1-2: Strikes out looking
Top of the 10th over - 0 runs, 2 hits, 0 errors, 2 left on base; San Diego (APP) 8 - Missoula 8
BOTTOM OF THE 10TH
Missoula Osprey batting - Pitching for San Diego (APP) Padres : LHP Cory Watson
Now at C: Phil McFadden
Now at 2B: Eric McMillian
Now at 3B: Max Stillo
Now in LF: Antonio Martinez
Now in CF: Norinaga Yamakawakamatsu
Pinch Hitting: RHB Drew Sigona 0-0: Foul Ball, location: 2F
0-1: Ball
1-1: Hit by Pitch
Batting: RHB Isaiah Hampton 0-0: Bunted foul
0-1: Sac Bunt to 15 - play at first, batter OUT! 1-4
Drew Sigona to second
Batting: LHB Danny Salas 0-0: Called Strike
0-1: Foul Ball, location: 2F
0-2: Ball
1-2: 2-RUN HOME RUN (Flyball, 9LD, EV 90.6 MPH), Distance : 341 ft
Bottom of the 10th over - 2 runs, 1 hit, 0 errors, 0 left on base; San Diego (APP) 8 - Missoula 10
Sunday, July 16th , 2023 - OOTP Baseball 24.6 Build 69